 Dungeon Crawl Stone Soup version 0.30-a0-845-g7c6808c8ce (webtiles) character file.

Game seed: 9624612749857698018

4 Bnni the Stinger (level 1, -2/14 HPs)
             Began as a Formicid Venom Mage on Mar 3, 2023.
             Slain by a kobold
             ... wielding a +0 club
              (4 damage)
             ... on level 1 of the Dungeon.
             The game lasted 00:00:36 (331 turns).

Bnni the Stinger (Formicid Venom Mage)               Turns: 331, Time: 00:00:36

Health: -2/14      AC:  2    Str: 12    XL:     1   Next: 66%
Magic:  1/3        EV: 12    Int: 14    God:
Gold:   0          SH:  0    Dex: 14    Spells: 3/4 levels left

rFire   . . .      SeeInvis +    d - +0 whip
rCold   . . .      Faith    .    (no shield)
rNeg    . . .      Spirit   .    a - +0 robe
rPois   .          Reflect  .    (helmet unavailable)
rElec   .          Rampage  .    (no cloak)
rCorr   .                        (no gloves)
Will    .....                    (no boots)
Stlth   ++                       (no amulet)
HPRegen 0.22/turn                (no ring)
MPRegen 0.08/turn                (no ring)

@: no status effects
A: permanent stasis, dig shafts and tunnels, antennae 3, four strong arms
a: Dig, Shaft Self


You were on level 1 of the Dungeon.
You visited 1 branch of the dungeon, and saw 1 of its levels.

Inventory:

Hand Weapons
 d - a +0 whip (weapon)
Armour
 a - a +0 robe (worn)
Scrolls
 c - 2 scrolls of identify {unknown}
 f - a scroll of enchant armour {unknown}
 g - a scroll of amnesia {unknown}
Potions
 b - a potion of magic
 e - a potion of flight {unknown}


   Skills:
 + Level 0.4 Fighting
 - Level 1.7 Dodging
 - Level 2.4 Stealth
 + Level 2.2 Spellcasting
 - Level 1.1 Transmutations
 * Level 4.2 Poison Magic


You had 3 spell levels left.
You knew the following spells:

 Your Spells              Type           Power      Damage    Failure   Level
a - Sting                 Tmut/Pois      36%        1d4       8%          1

Your spell library contained the following spells:

 Spells                   Type           Power      Damage    Failure   Level
 Poisonous Vapours        Pois/Air       14%        N/A       14%         2
 Mephitic Cloud           Conj/Pois/Air  5%         N/A       36%         3
 Olgreb's Toxic Radiance  Pois           13%        N/A       38%         4


Dungeon Overview and Level Annotations

Branches:
Dungeon (1/15)

Altars:


Innate Abilities, Weirdness & Mutations

You cannot be hasted, slowed, berserked, paralysed or teleported.
You can dig through walls and to a lower floor.
You have a pair of large antennae on your head. (SInv)
Your four strong arms can wield two-handed weapons with a shield.


Message History

The goblin misses you.
Aiming: Sting (safe; 8% risk of failure)
Press: ? - help, Q - select action, (/) - cycle Shift-Dir - straight line, f/p - goblin
Aim: a goblin, wielding a +0 dagger (severely wounded, poisoned, 60% to hit)
Okay, then.
You barely miss the goblin.
The goblin is severely wounded.
The goblin hits you with a +0 dagger.
You hit the goblin but do no damage.
The goblin is severely wounded.
The kobold closely misses you. The rat closely misses you.
The goblin hits you with a +0 dagger.
You hit the goblin.
You kill the goblin!
The kobold hits you with a +0 club. The rat completely misses you.
You closely miss the kobold. The kobold hits you with a +0 club.
The rat bites you. The rat attacks as you move away! The rat bites you.
* * * LOW HITPOINT WARNING * * *
The kobold attacks as you move away! The kobold misses you.
The kobold throws a stone.
The stone closely misses you.
There is an open door here.
Aiming: Sting (safe; 8% risk of failure)
Press: ? - help, Q - select action, (/) - cycle Shift-Dir - straight line, f - rat
Aim: a rat (68% to hit)
The sting hits the rat.
The rat is poisoned.
You kill the rat!
The kobold throws a stone.
The stone misses you.
You don't have enough magic to cast this spell.
Unknown command.
You don't have enough magic to cast this spell.
Unknown command.
You are too injured to fight recklessly!
You are too injured to fight recklessly!
You are too injured to fight recklessly!
The kobold hits you with a +0 club.
* * * LOW HITPOINT WARNING * * *
There is an open door here.
You hit the kobold but do no damage. The kobold hits you with a +0 club.
You die...

#.# ##### #)#..#
#...######## #.#..#
#........... #.#..#
#........... #.#..#
#........... #.#..#
#....)...... #.#..#
#...........
#.#..###K..........
#......@...........
########>..........
#...........
#...........
####........
#+#####


You could see a kobold.

Vanquished Creatures
  2 goblins (D:1)
  A bat (D:1)
  A frilled lizard (D:1)
  A rat (D:1)
5 creatures vanquished.

Notes
Turn   | Place    | Note
-------+----------+-------------------------------------------
     0 | D:1      | Bnni the Formicid Venom Mage began the quest for the Orb.
     0 | D:1      | Reached XP level 1. HP: 13/13 MP: 3/3
   331 | D:1      | Slain by a kobold

Illustrated notes

Levels and vault maps discovered:
D:1:      dpeg_arrival_brainrot, layout_basic

Action                     || total
---------------------------++-------
  Melee: Whip              ||     5
   Cast: Sting             ||     9
  Dodge: Dodged            ||     7

Table legend: (Time is in decaauts)
 A = Elapsed time spent in this place.
 B = Non-inter-level travel time spent in this place.
 C = Inter-level travel time spent in this place.
 D = Time resting spent in this place.
 E = Time spent auto-exploring this place.
 F = Levels seen in this place.
 G = Mean time per level.
                   A        B        C        D        E       F      G
               +--------+--------+--------+--------+--------+-----+--------+
         Total |    330 |    305 |     25 |      0 |    240 |   1 |  330.0 |
       Dungeon |    330 |    305 |     25 |      0 |    240 |   1 |  330.0 |
               +--------+--------+--------+--------+--------+-----+--------+

Top non-repeatable levels by time:
     D:1: 330 daAuts
